 Dungeon Crawl Stone Soup version 0.29.1-15-g9cfb28693d (webtiles) character file.

Game seed: 10703108959307143821

1661 booth the Chopper (level 8, -2/62 HPs)
             Began as a Demonspawn Gladiator on Mar 17, 2023.
             Was an Elder of Ru.
             Slain by an ogre
             ... wielding a +0 giant club
              (25 damage)
             ... on level 6 of the Dungeon on Mar 18, 2023.
             The game lasted 00:41:52 (6880 turns).

booth the Chopper (Demonspawn Gladiator)            Turns: 6880, Time: 00:41:53

Health: -2/62      AC:  6    Str: 17    XL:     8   Next: 69%
Magic:  8/8        EV:  7    Int: 10    God:    Ru [****..]
Gold:   300        SH:  0    Dex: 14    Spells: 7/7 levels left

rFire   . . .      SeeInvis .   l - +1 war axe (elec)
rCold   . . .      Faith    .   (shield unavailable)
rNeg    . . .      Spirit   .   p - +2 robe {Will+}
rPois   .          Reflect  .   c - +0 helmet
rElec   .          Harm     .   (no cloak)
rCorr   .          Rampage  .   (no gloves)
Will    +....                   k - +0 pair of boots
Stlth   +.........              x - amulet of magic regeneration
HPRegen 0.20/turn               (ring unavailable)
MPRegen 0.51/turn               (no ring)

@: no status effects
A: ignite blood 2, powered by death 2, missing a hand, reduced EV 1
a: Renounce Religion, Draw Out Power, Power Leap


You were on level 6 of the Dungeon.
You worshipped Ru.
Ru was greatly pleased with you.
You visited 1 branch of the dungeon, and saw 6 of its levels.
You also visited: Sewer.

You collected 300 gold pieces.

Inventory:

Hand Weapons
 a - a +1 war axe
 e - a +0 mace
 l - a +1 war axe of electrocution (weapon)
Missiles
 d - 2 throwing nets (quivered)
 r - a javelin
 s - 3 poisoned darts
Armour
 b - a +0 leather armour
 c - a +0 helmet (worn)
 k - a +0 pair of boots (worn)
 p - a +2 robe of willpower (worn)
Jewellery
 x - an amulet of magic regeneration (around neck)
Wands
 v - a wand of paralysis (10)
 y - a wand of flame (8)
Scrolls
 j - 3 scrolls of teleportation
 n - 2 scrolls of fear
 q - a scroll of immolation {unknown}
 w - a scroll of magic mapping
 z - a scroll of blinking {unknown}
 A - a scroll of enchant armour {unknown}
Potions
 f - 3 potions of invisibility
 g - a potion of mutation
 h - 2 potions of curing
 i - 3 potions of heal wounds
 m - a potion of berserk rage {unknown}
 o - a potion of ambrosia {unknown}
 t - 2 potions of brilliance
 u - a potion of cancellation


   Skills:
 + Level 5.2 Fighting
 * Level 7.0 Axes
 + Level 4.8 Throwing
 + Level 4.3 Armour
 - Level 2.6 Dodging


You had 7 spell levels left.
You didn't know any spells.
Your spell library contained the following spells:

 Spells                   Type           Power      Damage    Failure   Level
 Summon Small Mammal      Summ           0%         N/A       36%         1
 Ensorcelled Hibernation  Hex/Ice        0%         N/A       50%         2
 Passwall                 Tmut/Erth      0%         N/A       50%         2
 Poisonous Vapours        Pois/Air       0%         N/A       50%         2
 Call Canine Familiar     Summ           0%         N/A       75%         3
 Summon Guardian Golem    Hex/Summ       0%         N/A       75%         3
 Swiftness                Air            0%         N/A       75%         3
 Corpse Rot               Necr/Pois/Air  0%         N/A       98%         4


Dungeon Overview and Level Annotations

Branches:
Dungeon (6/15)              Sewer (visited)
 Temple: D:4-7

Altars:
Ashenzari
Hepliaklqana
Kikubaaqudgha
Okawaru
Qazlal
Ru
Trog
Wu Jian
Xom

Shops:
D:4 [

Annotations:
D:3 3 runed translucent doors, Sanktem7's ghost, amateur MiFi


Innate Abilities, Weirdness & Mutations

Your demonic aura often causes spilled blood to erupt in flames.
You regenerate health from kills.
You are missing a hand.
You have somewhat slow reflexes. (EV -5)


Message History

The orc priest hits you but does no damage.
You hit the orc priest.
The orc priest is heavily wounded.
You hit the adder. The adder bites you but does no damage.
The adder is stunned by your conviction and fails to attack.
The orc priest hits you with a +0 mace.
You hit the orc priest.
The orc priest is severely wounded.
You closely miss the adder. The adder bites you.
The orc priest looks satisfied for a moment.
The adder bites you.
You slash the orc priest!
You kill the orc priest!
You hit the adder.
You kill the adder!
Your Axes skill increases to level 7!
You see here an adder corpse.
Things that are here:
a +0 mace; a +0 chain mail; an orc corpse
y - a wand of flame (8);
z - a scroll labelled TIMYGHU KIDU You now have 300 gold pieces (gained 13).
Items here: )) [ †.
You start resting.
HP restored.
You see here 4 stones.
You see here a +0 whip.
There is an open door here.
Found a scroll labelled WEVAIX KOOTA.
An ogre comes into view. It is wielding a +0 giant club.
Found a stone staircase leading up.
The ogre shouts!
A - a scroll labelled WEVAIX KOOTA You slash the ogre!
The ogre is moderately wounded.
The ogre hits you with a +0 giant club!!
The ogre attacks as you move away! The ogre hits you with a +0 giant club!
You slash the ogre!
The ogre is severely wounded.
The ogre hits you with a +0 giant club!!
You die...

####'######)....#'##.....)..#...>
.....................########....
.......÷.............# #.###
.....................# ###
.....................#
.....................#
.....................#
.....................#
...............O@....#
###............○○....#
..#.........##########
..'.........'......
..#.........#......
..###########...<.. . ...O. .
..... ....


You could see an ogre.

Vanquished Creatures
  Eustachio (D:5)
  An ice beast (D:6)
  A black bear (D:5)
  A centaur (D:5)
  4 phantoms
  Blork the orc (D:4)
  A necrophage (D:5)
  A bullfrog (D:6)
  A scorpion (D:6)
  3 jellies
  4 hounds
  A gnoll bouda (D:6)
  3 orc priests
  4 iguanas
  An orc wizard (D:6)
  4 gnolls
  9 adders
  2 river rats (Sewer)
  A white imp (D:6)
  2 ufetubi
  4 worms
  3 dart slugs
  14 orcs
  4 endoplasms
  3 giant cockroaches
  3 goblins
  7 hobgoblins
  6 kobolds
  3 quokkas
  5 ball pythons
  3 bats (D:3)
  A frilled lizard (D:1)
  6 rats
108 creatures vanquished.

Vanquished Creatures (others)
  A hell rat (Sewer)
1 creature vanquished.

Grand Total: 109 creatures vanquished

Notes
Turn   | Place    | Note
-------+----------+-------------------------------------------
     0 | D:1      | booth the Demonspawn Gladiator began the quest for the Orb.
     0 | D:1      | Reached XP level 1. HP: 16/16 MP: 1/1
   747 | D:1      | Gained mutation: Your demonic aura sometimes causes spilled
                  | blood to erupt in flames. [demonic ancestry]
   747 | D:1      | Reached XP level 2. HP: 22/22 MP: 2/2
   827 | D:1      | Found a faded altar of an unknown god.
   829 | D:1      | Prayed at the altar of an unknown god.
   829 | D:1      | Became a worshipper of Ru the Awakened
   945 | D:1      | Gained mutation: You are missing a hand. [Ru sacrifice]
   945 | D:1      | Reached * piety under Ru
   945 | D:1      | Reached ** piety under Ru
   945 | D:1      | Reached *** piety under Ru
  1107 | D:2      | Reached skill level 3 in Axes
  1617 | D:2      | Gained mutation: You regenerate a little health from kills.
                  | [demonic ancestry]
  1617 | D:2      | Reached XP level 3. HP: 15/28 MP: 3/3
  1619 | D:2      | Reached skill level 1 in Armour
  1749 | D:2      | Reached XP level 4. HP: 34/34 MP: 4/4
  2676 | D:3      | Found a runed translucent gate.
  2676 | D:3      | Found a runed translucent gate.
  2676 | D:3      | Found a runed translucent gate.
  2762 | D:3      | Reached XP level 5. HP: 38/40 MP: 5/5
  3021 | D:3      | Noticed Sanktem7's ghost (amateur MiFi)
  3208 | D:4      | Reached skill level 4 in Axes
  3492 | D:4      | Found a glowing drain.
  3584 | Sewer    | Entered a sewer
  3760 | D:4      | Noticed a phantom
  3778 | D:4      | Killed a phantom
  3779 | D:4      | Gained mutation: Your demonic aura often causes spilled
                  | blood to erupt in flames. [demonic ancestry]
  3779 | D:4      | Reached XP level 6. HP: 33/47 MP: 6/6
  3911 | D:4      | Found Egara's Dragon-Slaying Spoils.
  4048 | D:4      | Noticed Blork the orc
  4058 | D:4      | Killed Blork the orc
  4146 | D:4      | Gained mutation: You have somewhat slow reflexes. (EV -5)
                  | [Ru sacrifice]
  4146 | D:4      | Reached **** piety under Ru
  4174 | D:4      | Reached skill level 5 in Axes
  4225 | D:4      | Gained mutation: You regenerate health from kills. [demonic
                  | ancestry]
  4225 | D:4      | Reached XP level 7. HP: 46/53 MP: 7/7
  4469 | D:5      | Entered Level 5 of the Dungeon
  4891 | D:5      | Found an iron altar of Okawaru.
  4936 | D:5      | Found a hazy altar of Hepliaklqana.
  4938 | D:5      | Found a shimmering altar of Xom.
  4939 | D:5      | Noticed a spectral ugly thing
  5462 | D:5      | Found an ancient bone altar of Kikubaaqudgha.
  5477 | D:5      | Found an ornate altar of the Wu Jian Council.
  5478 | D:5      | Found a bloodstained altar of Trog.
  5485 | D:5      | Found a stormy altar of Qazlal.
  5618 | D:5      | Found a broken altar of Ashenzari.
  5680 | D:5      | Noticed Eustachio
  5690 | D:5      | Killed Eustachio
  5691 | D:5      | Reached skill level 6 in Axes
  5691 | D:5      | Reached XP level 8. HP: 61/61 MP: 8/8
  6377 | D:6      | Reached skill level 5 in Fighting
  6674 | D:6      | Reached skill level 7 in Axes
  6880 | D:6      | Slain by an ogre

Illustrated notes

Levels and vault maps discovered:
D:1:      dpeg_arrival_castle, layout_basic, chequers_ecumenical_altar_twisty
D:2:      cheibrodos_pilgrimage, layout_basic
D:3:      layout_basic, gammafunk_ghost_icy, st_stairs_7
D:4:      layout_rooms, portal_sewer_entry_d, nicolae_shop_dragon_depot,
          uniq_blork_the_orc
D:5:      layout_basic, regret_index_temple_of_mockery,
          mainiacjoe_overflow_24_doors, nicolae_overflow_hallway_of_the_gods,
          mainiacjoe_overflow_catwalk, nrook_mini_backslash, uniq_eustachio
D:6:      layout_gridville, kennysheep_generic_room_14

Skill      XL: |  1  2  3  4  5  6  7  8 |
---------------+-------------------------+-----
Axes           | 3 4 5 6 7 |  7.0
Throwing       | 2 3 4 |  4.8
Armour         | 1 2 3 4 |  4.3
Fighting       | 3 4 5 |  5.2
Dodging        | |  2.6

Action                   |  1- 3 |  4- 6 |  7- 9 || total
-------------------------+-------+-------+-------++-------
Melee: War axe           |    60 |   108 |   135 ||   303
Throw: Javelin           |     1 |     2 |     1 ||     4
       Throwing net      |       |     1 |       ||     1
Invok: Sacrifice a Hand  |     1 |       |       ||     1
       Sacrifice Health  |       |     1 |       ||     1
  Use: Scroll            |     4 |     3 |     1 ||     8
       Potion            |     1 |     3 |     1 ||     5
 Stab: Invisible         |     1 |     2 |     3 ||     6
       Sleeping          |       |       |     1 ||     1
Armor: Leather armour    |    12 |    22 |       ||    34
       Robe              |       |     5 |    62 ||    67
Dodge: Dodged            |    34 |    53 |    59 ||   146
